 Dungeon Crawl Stone Soup version 0.24.0-13-gcf9b319 (webtiles) character file.

Game seed: 15272003392157326500, levelgen mode: deterministic

1453 Balder the Spear-Bearer (level 8, -4/62 HPs)
             Began as a Merfolk Gladiator on Dec 4, 2019.
             Was an Initiate of Fedhas.
             Slain by an ice beast (7 damage)
             ... on level 5 of the Dungeon.
             The game lasted 00:23:39 (6044 turns).

Balder the Spear-Bearer (Merfolk Gladiator)         Turns: 6044, Time: 00:23:40

Health: -4/62      AC:  9    Str: 16      XL:     8   Next: 76%
Magic:  8/8        EV:  9    Int:  8      God:    Fedhas [......]
Gold:   364        SH:  0    Dex: 14 (15) Spells: 7/7 levels left

rFire    . . .     SeeInvis .   a - +0 trident
rCold    . . .     Gourm    .   (no shield)
rNeg     . . .     Faith    .   w - +0 chain mail
rPois    .         Spirit   .   c - +0 helmet
rElec    .         Reflect  .   (no cloak)
rCorr    .         Harm     .   (no gloves)
MR       .....                  (no boots)
Stlth    ..........             (no amulet)
HPRegen  0.20/turn              (no ring)
MPRegen  0.11/turn              (no ring)

@: no status effects
A: change form in water, swift swim, stealthy swim
a: Renounce Religion


You were on level 5 of the Dungeon.
You worshipped Fedhas.
Fedhas was noncommittal.
You were not hungry.

You visited 1 branch of the dungeon, and saw 5 of its levels.

You collected 364 gold pieces.

Inventory:

Hand Weapons
 a - a +0 trident (weapon)
 d - a +2 mace of pain
 o - a +1 mace of draining
Missiles
 b - 14 poisoned darts
 z - 4 boomerangs (quivered)
Armour
 c - a +0 helmet (worn)
 w - a +0 chain mail (worn)
Wands
 y - a wand of enslavement (7)
Scrolls
 e - a scroll of fear
 g - a scroll of remove curse
 h - a scroll of vulnerability {unknown}
 j - 3 scrolls of magic mapping {unknown}
 m - a scroll of immolation {unknown}
 n - 2 scrolls of teleportation {unknown}
 q - a scroll of identify
Potions
 i - 4 potions of curing
 l - a potion of invisibility
 p - 2 potions of mutation
 r - 2 potions of berserk rage
 s - a potion of might {unknown}
 u - 2 potions of haste {unknown}
 v - a potion of flight {unknown}
 x - a potion of lignification {unknown}
Comestibles
 f - 12 rations
 k - 5 chunks of flesh


   Skills:
 * Level 5.0 Fighting
 * Level 11.0 Polearms
 + Level 3.0 Throwing
 + Level 1.8 Armour
 * Level 6.2 Dodging
 * Level 4.3 Stealth


You had 7 spell levels left.
You didn't know any spells.
Your spell library was empty.

Dungeon Overview and Level Annotations

Branches:
Dungeon (5/15)
 Temple: D:4-7

Altars:
Fedhas
Kikubaaqudgha
Qazlal


Message History

a +0 dagger; a +0 robe; a +0 giant club; a +0 flail You hit the ice beast but do no damage.
The ice beast is heavily wounded.
The ice beast hits you.
* * * LOW HITPOINT WARNING * * *
The ice beast freezes you!
* * * LOW HITPOINT WARNING * * *
Your chain mail prevents you from hitting the ice beast.
The ice beast is heavily wounded.
The ice beast hits you but does no damage.
You closely miss the ice beast.
The ice beast is heavily wounded.
You hit the ice beast.
The ice beast is heavily wounded.
The ice beast barely misses you. The orc closely misses you.
You barely miss the orc. The ice beast hits you.
* * * LOW HITPOINT WARNING * * *
The ice beast freezes you!
You die...
Fedhas appreciates your contribution to the ecosystem.

.(.....#..#
.####....## ##
#....# #....#
#####.#.##
....#.#.# ....#...#
### ....#.###
#####.## .....##
#...##@## ....##
#..#Yo# ....#
#..).# ###.##
#oo##..# ###..##
#.. ##..#
.##...#########...#
.##.(.....(.......#
...............).##
##........#.....##


You could see an ice beast and an orc.

Vanquished Creatures
  An ice beast (D:5)
  4 ogres
  2 centaurs (D:5)
  3 scorpions
  A crimson imp (D:5)
  3 hounds (D:4)
  A centaur skeleton (D:4)
  3 orc priests
  7 orc wizards
  A bullfrog skeleton (D:5)
  3 worker ants
  A worker ant zombie (D:5)
  3 gnolls (D:4)
  3 adders
  2 oozes
  3 dart slugs
  2 leopard geckos
  23 orcs
  4 giant cockroaches
  9 hobgoblins
  7 jackals
  9 kobolds
  3 quokkas
  7 bats
  6 frilled lizards
  9 goblins
  A quokka zombie (D:5)
  2 rats
123 creatures vanquished.

Notes
Turn   | Place    | Note
-------+----------+-------------------------------------------
     0 | D:1      | Balder the Merfolk Gladiator began the quest for the Orb.
     0 | D:1      | Reached XP level 1. HP: 16/16 MP: 1/1
   184 | D:1      | Reached XP level 2. HP: 23/23 MP: 2/2
   311 | D:1      | Reached skill level 5 in Polearms
   636 | D:1      | Reached XP level 3. HP: 28/28 MP: 3/3
  1017 | D:2      | Reached skill level 6 in Polearms
  1017 | D:2      | Reached skill level 1 in Stealth
  1024 | D:2      | Reached XP level 4. HP: 21/34 MP: 4/4
  1336 | D:2      | Found an ancient bone altar of Kikubaaqudgha.
  1743 | D:2      | Reached XP level 5. HP: 33/40 MP: 5/5
  2408 | D:3      | Reached skill level 7 in Polearms
  3340 | D:4      | Noticed an ogre
  3343 | D:4      | Reached XP level 6. HP: 47/47 MP: 6/6
  3611 | D:4      | Reached skill level 8 in Polearms
  3698 | D:4      | Reached skill level 5 in Dodging
  4017 | D:4      | Reached XP level 7. HP: 46/52 MP: 7/7
  4180 | D:4      | Reached skill level 9 in Polearms
  4514 | D:5      | Entered Level 5 of the Dungeon
  4532 | D:5      | Found a stormy altar of Qazlal.
  4543 | D:5      | Found a blossoming altar of Fedhas.
  4565 | D:5      | Reached skill level 1 in Armour
  4912 | D:5      | Became a worshipper of Fedhas Madash
  4975 | D:5      | Reached XP level 8. HP: 37/60 MP: 8/8
  5185 | D:5      | Reached skill level 10 in Polearms
  6037 | D:5      | Reached skill level 5 in Fighting
  6038 | D:5      | Reached skill level 11 in Polearms
  6044 | D:5      | HP: 3/62 [ice beast (1)]
  6044 | D:5      | Slain by an ice beast

Levels and vault maps discovered:
D:1:      psy_arrival_terrarium, layout_basic, serial_bayou_pond_e
D:2:      layout_basic, old_standard_altar, amethyst_killhole
D:3:      layout_loops_ring, first_ration, chequers_serial_rivers_small_b
D:4:      layout_rooms
D:5:      layout_rooms, grunt_temple_overflow_forces_of_nature,
          marbit_many_paths

Skill      XL: |  1  2  3  4  5  6  7  8 |
---------------+-------------------------+-----
Polearms       | 5 6 7 8 9 11 | 11.0
Stealth        | 1 2 3 4 |  4.3
Fighting       | 3 4 5 |  5.0
Dodging        | 5 6 |  6.2
Armour         | 1 |  1.8
Throwing       | 3 |  3.0

Action                   |  1- 3 |  4- 6 |  7- 9 || total
-------------------------+-------+-------+-------++-------
Melee: Trident           |    51 |   258 |   188 ||   497
Throw: Throwing net      |       |     6 |       ||     6
       Dart              |       |     6 |    18 ||    24
       Boomerang         |       |       |    11 ||    11
  Use: Scroll            |       |     5 |     3 ||     8
       Potion            |       |     2 |     1 ||     3
 Stab: Sleeping          |     1 |       |       ||     1
       Invisible         |       |     3 |       ||     3
  Eat: Chunk             |       |     7 |     3 ||    10
       Ration            |       |     1 |     1 ||     2
Armor: Leather armour    |     8 |    11 |       ||    19
       Scale mail        |       |    36 |       ||    36
       Chain mail        |       |    53 |    63 ||   116
Dodge: Dodged            |    22 |   141 |    51 ||   214
